 Dungeon Crawl Stone Soup version 0.30.0-3-ga4e48a9924 (webtiles) character file.

Game seed: 9555828716795125646

21 cheesebisquit the Grave Robber (level 2, -2/19 HPs)
             Began as a Merfolk Necromancer on May 7, 2023.
             Slain by a gnoll
             ... wielding a +1 spear of venom
              (3 damage)
             ... on level 1 of the Dungeon.
             The game lasted 00:02:36 (513 turns).

cheesebisquit the Grave Robber (Merfolk Necromancer) Turns: 513, Time: 00:02:37

Health: -2/19      AC:  2    Str:  8    XL:     2   Next: 83%
Magic:  0/5        EV: 12    Int: 14    God:
Gold:   28         SH:  0    Dex: 14    Spells: 4/5 levels left

rFire   . . .        b - +0 spear
rCold   . . .        (no shield)
rNeg    . . .        a - +0 robe
rPois   .            (no helmet)
rElec   .            (no cloak)
rCorr   .            (no gloves)
SInv    .            (no boots)
Will    .....        (no amulet)
Stlth   ++           (no ring)
HPRegen 0.23/turn    (no ring)
MPRegen 0.09/turn

%: no passive effects
@: lethally poisoned (-2 -> -8)
A: (nimble swimmer 2), mertail
a: no special abilities


You were on level 1 of the Dungeon.
You visited 1 branch of the dungeon, and saw 1 of its levels.

You collected 28 gold pieces.

Inventory:

Hand Weapons
 b - a +0 spear (weapon)
Armour
 a - a +0 robe (worn)
Scrolls
 c - a scroll of fear {unknown}


   Skills:
 + Level 1.8 Polearms
 - Level 2.6 Dodging
 - Level 2.1 Stealth
 - Level 2.0 Spellcasting
 + Level 3.7 Necromancy


You had 4 spell levels left.
You knew the following spells:

 Your Spells              Type           Power      Damage    Failure   Level
a - Necrotise             Necr           44%        1d6       5%          1

Your spell library contained the following spells:

 Spells                   Type           Power      Damage    Failure   Level
 Sublimation of Blood     Necr           11%        N/A       8%          2
 Vampiric Draining        Necr           11%        2d6       16%         3
 Wereblood                Tmut           1%         N/A       34%         2
 Animate Dead             Necr           11%        N/A       45%         4
 Agony                    Necr           11%        N/A       82%         5
 Summon Hydra             Summ           0%         N/A       100%        7


Dungeon Overview and Level Annotations

Branches:
Dungeon (1/15)

Altars:


Innate Abilities, Weirdness & Mutations

((You are very nimble when in or above water. (Stealth+, EV+, Speed+++)))
Your lower body shifts to a powerful aquatic tail in water.


Message History

The giant cockroach is severely wounded.
The giant cockroach closely misses you.
Your goblin skeleton barely misses the giant cockroach.
You hit the giant cockroach.
You kill the giant cockroach!
You see here a giant cockroach corpse.
Your goblin skeleton crumbles into dust!
You now have 28 gold pieces (gained 9).
As you open the door, it creaks loudly!
You hear a shout!
A gnoll comes into view. It is wielding a +1 spear of venom.
There is an open door here.
The gnoll writhes in agony.
The gnoll struggles to resist.
The gnoll completely misses you.
The gnoll writhes in agony.
The gnoll hits you from afar with a +1 spear of venom!
You are lethally poisoned!
The gnoll struggles to resist.
You feel very sick.
The gnoll hits you from afar with a +1 spear of venom.
* * * LOW HITPOINT WARNING * * *
You aren't carrying any potions.
Okay, then.
Okay, then.
Aiming: Necrotise (safe; 5% risk of failure)
Press: ? - help, Q - select action Shift-Dir - straight line, f/p - gnoll
Aim: a gnoll, wielding a +1 spear of venom (severely wounded, chance to affect: 73%)
The gnoll struggles to resist.
* * * LOW HITPOINT WARNING * * *
You feel very sick. The gnoll barely misses you.
You are too injured to fight recklessly!
Reach: b) +0 spear
Press: ? - help, Dir - move target, f/p - gnoll
Aim: a gnoll, wielding a +1 spear of venom (severely wounded, about 36% to evade your +0 spear)
You reach to attack!
You completely miss the gnoll.
The gnoll is severely wounded.
* * * LOW HITPOINT WARNING * * *
You feel sick.
The gnoll hits you from afar with a +1 spear of venom.
You die...

###### #....#
##############....##
#####....##........#....
.........##.......###.##
..................'...##
.........##.....)†######
#####....##.......##....
###@###............. #.#
####.......... #g.
...........# ....
......~~~~~..
.......~~~~~~~~~~~
.....~~~~~~~≈≈≈≈≈~≈
#..~~~~~ ≈≈≈ ≈≈
..~~~≈≈≈≈ ##### ≈≈≈
##...##


You could see a gnoll.

Vanquished Creatures
  A dart slug (D:1)
  3 giant cockroaches (D:1)
  A goblin (D:1)
  3 hobgoblins (D:1)
  A quokka (D:1)
  A ball python (D:1)
  5 bats (D:1)
  A frilled lizard (D:1)
  A rat (D:1)
17 creatures vanquished.

Notes
Turn   | Place    | Note
-------+----------+-------------------------------------------
     0 | D:1      | cheesebisquit the Merfolk Necromancer began the quest for
                  | the Orb.
     0 | D:1      | Reached XP level 1. HP: 13/13 MP: 3/3
   174 | D:1      | Reached skill level 1 in Polearms
   174 | D:1      | Reached XP level 2. HP: 18/19 MP: 0/5
   513 | D:1      | Slain by a gnoll

Illustrated notes

Levels and vault maps discovered:
D:1:      minmay_arrival_shoal_huts, layout_basic

Skill      XL: |  1 |
---------------+----+-----
Polearms       | 1 |  1.8
Dodging        | |  2.6
Stealth        | |  2.1
Spellcasting   | |  2.0
Necromancy     | |  3.7

Action                     || total
---------------------------++-------
  Melee: Unarmed           ||     9
         Spear             ||    23
   Cast: Necrotise         ||    31
    Use: Potion            ||     1
   Stab: Distracted        ||     1
 Armour: Robe              ||    12
  Dodge: Dodged            ||    17
